 Dungeon Crawl Stone Soup version 0.32-a0-132-g2d33c3cfaf (webtiles) character file.

Game seed: 608517594453134904

129452 Newt the Warrior (level 16, -2/116 HPs)
             Began as a Gargoyle Gladiator on Feb 9, 2024.
             Was an Initiate of Gozag.
             Slain by Mlioglotl (27 damage)
             ... on level 2 of the Swamp.
             The game lasted 00:37:54 (23952 turns).

Newt the Warrior (Gargoyle Gladiator)              Turns: 23952, Time: 00:37:54

Health: -2/116     AC: 43    Str: 30    XL:     16   Next: 79%
Magic:  16/16      EV:  9    Int: 15    God:    Gozag
Gold:   2872       SH: 16    Dex: 17    Spells: 15/15 levels left

rFire   + . .        E - +1 demon whip (venom)
rCold   + + +        I - +0 kite shield
rNeg    + . .        K - +3 plate armour
rPois   ∞            X - +0 helmet of Qarahe {rC+ Int+3}
rElec   +            Y - +2 cloak {rC+}
rCorr   .            S - +0 pair of fencer's gloves {Riposte Dex+3}
SInv    .            h - +2 pair of boots
Will    ++...        g - amulet of reflection Stlth
                     V - ring "Ismapako" {rPois rF+ rC+++ Int+6 Stlth-}
HPRegen 0.39/turn    s - ring of willpower
MPRegen 0.15/turn

%: random rage (3%), reflection
@: on berserk cooldown, flying, hasted and slowed
A: sickness immunity, AC +12, big wings, negative energy resistance 1,
electricity resistance, torment resistance 1, petrification resistance,
iridescent scales 1, agile 1, berserk 1, strong 1
a: Renounce Religion, Potion Petition, Call Merchant, Bribe Branch


You were on level 2 of the Swamp.
You worshipped Gozag.
Gozag was most pleased with you.
You visited 4 branches of the dungeon, and saw 23 of its levels.
You visited 1 bazaar.
You also visited: Trove and Ice Cave.

You collected 7874 gold pieces.
You spent 3865 gold pieces at shops.
You paid 1137 gold pieces to Gozag.

Inventory:

Hand Weapons
 E - a +1 demon whip of venom (weapon)
Missiles
 d - 3 throwing nets (quivered)
 e - 17 javelins
 o - 10 boomerangs
 W - 11 atropa-tipped darts
Armour
 h - a +2 pair of boots (worn)
 I - a +0 kite shield (worn)
 K - a +3 plate armour (worn)
 S - the +0 pair of fencer's gloves (worn) {Riposte Dex+3}
   (You found it in a treasure trove)

   Riposte:   It allows the wearer to riposte with melee weapons, swiftly
   retaliating against missed or blocked melee attacks.
   Dex+3:     It affects your dexterity (+3).
 X - the +0 helmet of Qarahe (worn) {rC+ Int+3}
   (You bought it in a shop in a bazaar)

   Int+3:     It affects your intelligence (+3).
   rC+:       It protects you from cold.
 Y - a +2 cloak of cold resistance (worn)
Jewellery
 g - an amulet of reflection (around neck)
 q - a ring of positive energy
 s - a ring of willpower (right hand)
 B - a ring of willpower
 O - a ring of positive energy
 T - the ring "Buace" {Int+6 SInv}
   (You found it in a treasure trove)

   [ring of intelligence]

   Int+6:     It affects your intelligence (+6).
   SInv:      It lets you see invisible.
 U - the ring "Zecimeuv" {^Contam rPois rC+ Will+ Int+6}
   (You found it in a treasure trove)

   [ring of intelligence]

   Int+6:     It affects your intelligence (+6).
   rC+:       It protects you from cold.
   rPois:     It protects you from poison Will+: It increases your willpower.
   ^Contam:   It causes magical contamination when unequipped.
 V - the ring "Ismapako" (left hand) {rPois rF+ rC+++ Int+6 Stlth-}
   (You found it in a treasure trove)

   [ring of intelligence]

   Int+6:     It affects your intelligence (+6).
   rF+:       It protects you from fire.
   rC+++:     It renders you almost immune to cold.
   rPois:     It protects you from poison Stlth-: It makes you less stealthy.
Wands
 m - a wand of charming (9)
 v - a wand of light (5)
 C - a wand of mindburst (10)
 F - a wand of flame (27)
 N - a wand of iceblast (3)
Scrolls
 c - a scroll of silence
 i - a scroll of noise
 p - 2 scrolls of revelation
 r - 10 scrolls of teleportation
 x - 3 scrolls of immolation
 y - 2 scrolls of fog
 A - 2 scrolls of enchant armour
 G - a scroll of blinking
 J - 2 scrolls of butterflies
 Q - 5 scrolls of poison
 Z - a scroll of amnesia
Potions
 f - 2 potions of degeneration
 j - 7 potions of brilliance
 k - 7 potions of lignification
 l - 2 potions of haste
 n - 4 potions of might
 t - 2 potions of ambrosia
 u - 5 potions of curing
 w - 3 potions of mutation
 z - 2 potions of magic
 D - a potion of berserk rage
 L - a potion of heal wounds
 M - a potion of enlightenment
 P - 2 potions of cancellation
Miscellaneous
 a - a lightning rod (4/4)
 b - a condenser vane
 R - a phial of floods


   Skills:
 + Level 19.1 Fighting
 - Level 4.5 Short Blades
 - Level 17.2 Maces & Flails
 - Level 1.7 Throwing
 * Level 13.4 Armour
 - Level 2.4 Dodging
 - Level 5.6 Stealth
 - Level 9.1 Shields
 - Level 5.1 Evocations


You had 15 spell levels left.
You didn't know any spells.
Your spell library contained the following spells:

 Spells                   Type           Power      Damage    Failure   Level
 Sting                    Conj/Alch      0%         1d3       95%         1
 Blink                    Tloc           0%         N/A       98%         2
 Ensorcelled Hibernation  Hex/Ice        0%         N/A       98%         2
 Lesser Beckoning         Tloc           0%         N/A       98%         2
 Mercury Vapours          Alch/Air       0%         N/A       98%         2
 Momentum Strike          Conj/Tloc      0%         3d8       98%         2
 Fugue of the Fallen      Necr           0%         N/A       100%        3
 Inner Flame              Hex/Fire       0%         N/A       100%        3
 Tukima's Dance           Hex            0%         N/A       100%        3
 Anguish                  Hex/Necr       0%         N/A       100%        4
 Animate Armour           Summ/Erth      0%         N/A       100%        4
 Cause Fear               Hex            0%         N/A       100%        4
 Flame Wave               Conj/Fire      0%         2d4       100%        4
 Manifold Assault         Tloc           0%         N/A       100%        4
 Olgreb's Toxic Radiance  Alch           0%         N/A       100%        4
 Passage of Golubria      Tloc           0%         N/A       100%        4
 Sticky Flame             Fire/Alch      0%         2d4       100%        4
 Summon Lightning Spire   Summ/Air       0%         N/A       100%        4
 Fireball                 Conj/Fire      0%         3d3       100%        5
 Lee's Rapid Deconstruct  Erth           0%         3d4*      100%        5
 Yara's Violent Unravell  Hex/Alch       0%         3d3       100%        5
 Dispersal                Tloc           0%         N/A       100%        6
 Enfeeble                 Hex            0%         N/A       100%        7
 Disjunction              Tloc           0%         N/A       100%        8
 Dragon's Call            Summ           0%         N/A       100%        9


Dungeon Overview and Level Annotations

Branches:
Dungeon (15/15)            Temple (1/1) D:6            Lair (5/5) D:11
  Swamp (2/4) Lair:2       Spider (0/4) Lair:3        Slime (0/5) Lair:5
    Orc (0/2) D:11         Vaults (0/5) D:13         Depths (0/4) D:15
  IceCv (visited)

Altars:
Ashenzari
Cheibriados
Dithmenos
Elyvilon
Fedhas
Gozag
Hepliaklqana
Kikubaaqudgha
Makhleb
Nemelex Xobeh
Okawaru
Qazlal
Ru
Sif Muna
Trog
Uskayaw
Vehumet
Wu Jian
Xom
Yredelemnul
Zin
The Shining One
Jiyva

Shops:
D:2 (   D:5 [   D:8 !   D:13 *   Lair:2 [[

Annotations:
D:8 3 runed translucent doors, zenocrate's ghost, novice KoDe
D:12 2 transporters, Azoth's ghost, journeyman HuFi
Swamp:2 1 runed translucent door, Mlioglotl; ggggg's ghost, adept MiFi


Innate Abilities, Weirdness & Mutations

You are immune to sickness and miasma.
Your stone body is resilient. (AC +12)
You are immune to poison.
Your large and strong wings let you fly.
You resist negative energy. (rN+)
You are resistant to electric shocks. (rElec)
You are resistant to unholy torment.
You are immune to petrification.
You are partially covered in iridescent scales. (AC +2)
You are agile. (Dex +4, Str/Int -1)
You sometimes lose your temper in combat.
Your muscles are strong. (Str +4, Int/Dex -1)


Message History

You hit Mlioglotl but do no damage.
Mlioglotl is lightly wounded.
Mlioglotl churns violently!
Mlioglotl corrupts the dungeon around him!
You hit Mlioglotl but do no damage.
Mlioglotl is lightly wounded.
You block Mlioglotl's attack. x2
You hit Mlioglotl.
Mlioglotl is moderately wounded.
Mlioglotl churns violently!
Mlioglotl corrupts the dungeon around him!
Unknown command.
You whack Mlioglotl!
Mlioglotl is moderately wounded.
Mlioglotl hits you! You block Mlioglotl's attack.
Unknown command.
You completely miss Mlioglotl.
Mlioglotl is moderately wounded.
You block Mlioglotl's attack.
Mlioglotl tramples you but does no damage.
You hit Mlioglotl.
Mlioglotl is moderately wounded.
Mlioglotl churns violently!
Mlioglotl corrupts the dungeon around him!
Mlioglotl hits you.
Mlioglotl tramples you but does no damage.
You feel yourself speed up. Mlioglotl hits you!!
* * * LOW HITPOINT WARNING * * *
You block Mlioglotl's attack. x3; You riposte.
You barely miss Mlioglotl.
Mlioglotl is moderately wounded.
Unknown command.
Aiming: Bolt of Light
Press: ? - help, Shift-Dir - straight line, f - Mlioglotl
Aim: Mlioglotl (moderately wounded, strong, 91% to hit)
The bolt of light hits Mlioglotl.
Mlioglotl is moderately wounded.
Mlioglotl is blinded.
Mlioglotl hits you but does no damage. Mlioglotl tramples you!!
You die...
Your body crumbles into a pile of gold.

♣♣. ♣♣.♣♣ ♣~~~♣
♣♣<.♣♣ ♣♣$#§.♣♣
♣♣~.~~~.♣♣
♣$~.~..~.♣♣
....>§$~...♣~~.♣
~~...~~.♣♣~~X@$♣♣
.~~...~~♣♣♣♣....♣
~~♣~~~... ♣♣♣#..♣
.~~.~♣... ♣♣.~#.~
.~~.~~♣.. ♣~♣.♣..
~~..~.♣♣~. ♣. ♣
♣♣


You could see Mlioglotl (strong, blind, unable to see you).

Vanquished Creatures
  2 bunyips (Swamp:1)
  Snorg (D:13)
  Azrael (D:13)
  Erolcha (D:12)
  12 hydras
  3 alligators (Swamp:1)
  A vault guard (D:13)
  2 catoblepae (Lair:1)
  2 ironbound frosthearts (IceCv)
  An ogre mage (D:11)
  5 centaur warriors
  A death knight (D:14)
  A ghost crab (Swamp:1)
  5 two-headed ogres
  8 boulder beetles
  A dancing weapon (D:13)
  7 death yaks
  3 tengu warriors
  A deep troll earth mage (D:15)
  A death drake (Swamp:1)
  A goliath frog (Swamp:1)
  Amaemon (D:8)
  2 skysharks
  5 skeletal warriors
  2 spriggan druids
  4 bog bodies
  Pikel (D:6)
  3 deep elf pyromancers
  2 oklob plants (Lair:5)
  23 ugly things
  4 cyclopes
  A manticore (D:14)
  2 will-o-the-wisps (Swamp:1)
  Joseph (D:7)
  4 meliai
  18 elephants
  An ice statue (IceCv)
  4 black mambas
  10 cane toads
  Maggie (D:7)
  A gargoyle (D:11)
  An orange demon (D:8)
  2 unseen horrors
  Jeremiah (Lair:1)
  A yaktaur (D:15)
  5 rime drakes
  2 efreet
  2 komodo dragons
  3 tengu conjurers
  2 freezing wraiths (D:14)
  A guardian mummy (D:10)
  11 trolls
  3 tyrant leeches
  20 polar bears
  7 hornets
  Grinder (D:5)
  13 blink frogs
  7 dream sheep (Lair:5)
  21 slime creatures
  19 spriggans
  Sigmund (D:5)
  A vampire (D:12)
  A shadow (D:9)
  3 wyverns
  2 wraiths
  2 fire elementals (D:13)
  8 vampire mosquitoes
  7 basilisks
  63 yaks
  3 swamp worms
  2 acid dragons
  2 hell hounds (D:13)
  Duvessa (D:7)
  10 water moccasins
  9 orc warriors
  An ice beast (D:5)
  8 black bears
  2 ogres
  2 laughing skulls (D:15)
  4 boggarts (Lair:5)
  47 wolves
  16 centaurs
  2 kobold brigands
  3 gnoll sergeants
  9 bullfrogs
  A two-headed ogre simulacrum (D:13)
  2 cane toad simulacra (D:13)
  7 wights
  Dowan (D:7)
  4 killer bees (D:7)
  3 howler monkeys
  4 electric eels
  A lava snake (D:14)
  6 hounds
  3 jellies
  A bombardier beetle (D:3)
  A gnoll bouda (D:7)
  8 orc priests
  5 iguanas
  6 orc wizards
  A troll simulacrum (D:13)
  3 spriggan simulacra (D:13)
  12 gnolls
  3 adders
  A naga simulacrum (D:13)
  A shadow imp (D:7)
  7 dart slugs
  4 ribbon worms
  38 orcs
  8 endoplasms
  5 giant cockroaches
  8 goblins
  9 hobgoblins
  4 jackals (D:1)
  12 kobolds
  3 quokkas
  5 ball pythons
  5 bats
  2 frilled lizards (D:1)
  9 rats
674 creatures vanquished.

Vanquished Creatures (others)
  An arcanist (D:8)
  A sky beast (D:7)
  10 foxfires (Swamp:1)
12 creatures vanquished.

Grand Total: 686 creatures vanquished

Notes
Turn   | Place    | Note
-------+----------+-------------------------------------------
     0 | D:1      | Newt the Gargoyle Gladiator began the quest for the Orb.
     0 | D:1      | Reached XP level 1. HP: 12/12 MP: 1/1
    52 | D:1      | Reached XP level 2. HP: 18/18 MP: 2/2
   238 | D:1      | Reached XP level 3. HP: 21/22 MP: 3/3
   603 | D:1      | Reached skill level 3 in Fighting
   850 | D:2      | Reached XP level 4. HP: 28/28 MP: 4/4
   933 | D:2      | Found Nez Sako's Antique Weapon Shop.
  1573 | D:3      | Found a faded altar of an unknown god.
  1649 | D:3      | Reached skill level 1 in Armour
  1884 | D:3      | Reached XP level 5. HP: 14/33 MP: 5/5
  2407 | D:4      | Noticed a black bear
  2418 | D:4      | Killed a black bear
  2419 | D:4      | Reached skill level 4 in Fighting
  2489 | D:4      | Reached XP level 6. HP: 38/38 MP: 6/6
  2841 | D:5      | Entered Level 5 of the Dungeon
  2927 | D:5      | Noticed Sigmund
  2950 | D:5      | Killed Sigmund
  2961 | D:5      | Noticed Grinder
  2966 | D:5      | Paralysed by Grinder for 3 turns
  2974 | D:5      | Paralysed by Grinder for 4 turns
  2983 | D:5      | Paralysed by Grinder for 4 turns
  3001 | D:5      | Killed Grinder
  3002 | D:5      | Reached skill level 6 in Fighting
  3002 | D:5      | Reached skill level 5 in Armour
  3002 | D:5      | Reached XP level 7. HP: 46/46 MP: 7/7
  3190 | D:5      | Reached skill level 1 in Short Blades
  3474 | D:5      | Found Piagumeo's Armour Emporium.
  3658 | D:5      | Reached XP level 8. HP: 36/52 MP: 8/8
  3817 | D:6      | Found a staircase to the Ecumenical Temple.
  3826 | Temple   | Entered the Ecumenical Temple
  3831 | Temple   | Became a worshipper of Gozag Ym Sagoz the Greedy
  3866 | D:6      | Reached skill level 7 in Fighting
  4628 | D:7      | Noticed Pikel
  4652 | D:6      | Killed Pikel
  4653 | D:6      | Reached skill level 8 in Fighting
  4653 | D:6      | Reached XP level 9. HP: 32/59 MP: 9/9
  4787 | D:7      | Found an iron altar of Okawaru.
  4912 | D:7      | Noticed Duvessa
  4912 | D:7      | Noticed Dowan
  4923 | D:7      | Killed Duvessa
  4926 | D:7      | Killed Dowan
  5053 | D:7      | Reached skill level 9 in Fighting
  5127 | D:7      | Noticed Maggie
  5151 | D:7      | Killed Maggie
  5604 | D:7      | Reached XP level 10. HP: 57/66 MP: 10/10
  5731 | D:7      | Noticed Joseph
  5754 | D:7      | Killed Joseph
  6037 | D:8      | Reached skill level 10 in Fighting
  6190 | D:8      | Found Qocudgh's Distillery.
  6234 | D:8      | Reached skill level 10 in Maces & Flails
  6235 | D:8      | Bought a potion of might for 48 gold pieces
  6235 | D:8      | Bought a potion of might for 48 gold pieces
  6235 | D:8      | Bought 2 potions of mutation for 192 gold pieces
  6235 | D:8      | Bought 2 potions of mutation for 192 gold pieces
  6235 | D:8      | Bought a potion of berserk rage for 60 gold pieces
  6235 | D:8      | Bought a potion of mutation for 96 gold pieces
  6265 | D:8      | Gained mutation: You are partially covered in large bone
                  | plates. (SH +4) [potion of mutation]
  6266 | D:8      | Lost mutation: You are partially covered in large bone
                  | plates. (SH +4) [potion of mutation]
  6266 | D:8      | Gained mutation: You are strong-willed. (Will+) [potion of
                  | mutation]
  6266 | D:8      | Gained mutation: You have large cloven feet. [potion of
                  | mutation]
  6308 | D:8      | Found a runed translucent gate.
  6308 | D:8      | Found a runed translucent gate.
  6312 | D:8      | Identified the +7 plate armour of the Sun {rC+ Will- Str+3
                  | Int+3}
  6312 | D:8      | Noticed zenocrate's ghost (novice KoDe)
  6313 | D:8      | Found a runed translucent gate.
  6326 | D:8      | Noticed Amaemon
  6326 | D:8      | Noticed an orange demon
  6339 | D:8      | Killed an orange demon
  6354 | D:8      | Killed Amaemon
  6592 | D:8      | Found a bloodstained altar of Trog.
  6594 | D:8      | Noticed a wizard
  6598 | D:8      | Killed a wizard
  6950 | D:9      | Lost mutation: You are strong-willed. (Will+) [potion of
                  | mutation]
  6950 | D:9      | Lost mutation: You have large cloven feet. [potion of
                  | mutation]
  6950 | D:9      | Gained mutation: Your health recovers twice as slowly from
                  | being drained. [potion of mutation]
  6950 | D:9      | Gained mutation: You are partially covered in large bone
                  | plates. (SH +4) [potion of mutation]
  6950 | D:9      | Gained mutation: You possess an exceptional clarity of
                  | mind. [potion of mutation]
  7010 | D:9      | Noticed a two-headed ogre
  7016 | D:9      | Killed a two-headed ogre
  7017 | D:9      | Reached skill level 11 in Fighting
  7064 | D:9      | Reached XP level 11. HP: 64/74 MP: 11/11
  7073 | D:9      | Identified the +1 falchion of Dullness {heavy, rC+ Str+4}
  7483 | D:10     | Entered Level 10 of the Dungeon
  7834 | D:10     | Noticed a two-headed ogre
  7851 | D:10     | Killed a two-headed ogre
  7875 | D:10     | Noticed a deep elf pyromancer
  7880 | D:10     | Killed a deep elf pyromancer
  7999 | D:10     | Noticed a two-headed ogre
  8009 | D:10     | Killed a two-headed ogre
  8010 | D:10     | Reached skill level 12 in Fighting
  8010 | D:10     | Reached skill level 10 in Armour
  8276 | D:10     | Found a hazy altar of Hepliaklqana.
  8362 | D:10     | Found a portal to a secret trove of treasure.
  8378 | D:10     | Reached skill level 1 in Shields
  8549 | D:11     | Noticed a purple ugly thing
  8560 | D:11     | Killed a purple ugly thing
  8812 | D:11     | Noticed a cyclops
  8813 | D:11     | Found an ornate altar of the Wu Jian Council.
  8831 | D:11     | Noticed a deep elf pyromancer
  8839 | D:11     | Noticed a cyclops
  8845 | D:11     | Killed a cyclops
  8845 | D:11     | Killed a deep elf pyromancer
  8846 | D:11     | Reached skill level 5 in Shields
  8851 | D:11     | Killed a cyclops
  8852 | D:11     | Reached XP level 12. HP: 64/82 MP: 12/12
  8854 | D:11     | Noticed a boulder beetle
  8870 | D:11     | Killed a boulder beetle
  8896 | D:11     | Noticed a boulder beetle
  8898 | D:11     | Noticed an ogre mage
  8923 | D:11     | Killed a boulder beetle
  8924 | D:11     | Reached skill level 13 in Fighting
  8936 | D:11     | Killed an ogre mage
  9194 | D:11     | Noticed a two-headed ogre
  9203 | D:11     | Killed a two-headed ogre
  9325 | D:11     | Found a staircase to the Orcish Mines.
  9751 | D:11     | Noticed a boulder beetle
  9775 | D:11     | Killed a boulder beetle
  9821 | D:11     | Reached skill level 1 in Stealth
 10043 | D:11     | Found a staircase to the Lair.
 10318 | D:12     | Noticed Erolcha
 10529 | D:2      | Bought the +8 Vampire's Tooth {megavamp} for 1440 gold
                  | pieces
 10529 | D:2      | Found the +8 Vampire's Tooth {megavamp}
 10736 | D:10     | You paid a toll of Vampire's Tooth to enter a treasure
                  | trove
 10737 | Trove    | Entered a treasure trove
 10742 | Trove    | Found the +0 pair of fencer's gloves {Riposte Dex+3}
 10764 | Trove    | Identified the ring "Buace" {Int+6 SInv}
 10766 | Trove    | Identified the ring "Zecimeuv" {^Contam rPois rC+ Will+
                  | Int+6}
 10768 | Trove    | Identified the ring "Ismapako" {rPois rF+ rC+++ Int+6
                  | Stlth-}
 11139 | D:12     | Found a transporter.
 11139 | D:12     | Noticed a boulder beetle
 11141 | D:12     | Identified the +3 mace of Infection {flame, Int+3}
 11141 | D:12     | Noticed a rakshasa
 11158 | D:12     | Noticed a boulder beetle
 11209 | D:12     | Reached skill level 14 in Fighting
 11209 | D:12     | Reached skill level 5 in Stealth
 11229 | D:12     | Noticed a two-headed ogre
 11235 | D:12     | Noticed Azoth's ghost (journeyman HuFi)
 11250 | D:12     | Found a transporter.
 11274 | D:12     | Reached XP level 13. HP: 76/90 MP: 13/13
 11290 | D:12     | Reached skill level 1 in Evocations
 11409 | D:12     | Killed Erolcha
 11601 | D:12     | Found a sacrificial altar of Ru.
 11858 | D:13     | Noticed Snorg
 11878 | D:13     | Killed Snorg
 11904 | D:13     | Found a flickering gateway to a bazaar.
 11905 | D:13     | Noticed Azrael
 11920 | D:13     | Killed Azrael
 11960 | Bazaar   | Entered a bazaar
 11961 | Bazaar   | Found Geatikonyp's Weapon Shoppe.
 11963 | Bazaar   | Found Podoycas's Jewellery Shop.
 12000 | Bazaar   | Found Abyradgheess's Armour Emporium.
 12008 | Bazaar   | Found Hableog's Jewellery Boutique.
 12016 | Bazaar   | Bought a ring of see invisible for 195 gold pieces
 12095 | Bazaar   | Bought the +0 helmet of Qarahe {rC+ Int+3} for 347 gold
                  | pieces
 12139 | D:13     | Found a frozen archway.
 12179 | IceCv    | Entered an ice cave
 12268 | IceCv    | Reached skill level 5 in Evocations
 12601 | IceCv    | Reached skill level 15 in Fighting
 12825 | IceCv    | Gained mutation: Your large and strong wings let you fly.
                  | [Gargoyle growth]
 12825 | IceCv    | Reached XP level 14. HP: 58/98 MP: 14/14
 13392 | D:13     | Found a gate to the Vaults.
 13438 | D:13     | Noticed an angel
 13443 | D:13     | Found Myuw's Hallowed Reliquary.
 13447 | D:13     | Bought a potion of heal wounds for 80 gold pieces
 14382 | D:14     | Reached skill level 16 in Fighting
 15443 | D:15     | Entered Level 15 of the Dungeon
 15956 | D:14     | Lost mutation: You possess an exceptional clarity of mind.
                  | [potion of mutation]
 15956 | D:14     | Lost mutation: Your health recovers twice as slowly from
                  | being drained. [potion of mutation]
 15956 | D:14     | Gained mutation: You have a pair of small horns on your
                  | head. [potion of mutation]
 15956 | D:14     | Gained mutation: Your body sometimes deteriorates upon
                  | taking damage. [potion of mutation]
 15958 | D:14     | Lost mutation: Your body sometimes deteriorates upon taking
                  | damage. [potion of mutation]
 15958 | D:14     | Lost mutation: You have a pair of small horns on your head.
                  | [potion of mutation]
 15958 | D:14     | Lost mutation: You are partially covered in large bone
                  | plates. (SH +4) [potion of mutation]
 15958 | D:14     | Gained mutation: Your skin changes colour to match your
                  | surroundings (Stealth+). [potion of mutation]
 15958 | D:14     | Gained mutation: Your spells are a little easier to cast,
                  | but a little less powerful. [potion of mutation]
 15959 | D:14     | Lost mutation: Your skin changes colour to match your
                  | surroundings (Stealth+). [potion of mutation]
 15959 | D:14     | Lost mutation: Your spells are a little easier to cast, but
                  | a little less powerful. [potion of mutation]
 15959 | D:14     | Gained mutation: You have a pair of small horns on your
                  | head. [potion of mutation]
 15959 | D:14     | Gained mutation: Your flesh is cold resistant. (rC+)
                  | [potion of mutation]
 15959 | D:14     | Gained mutation: Your health recovers twice as slowly from
                  | being drained. [potion of mutation]
 15960 | D:14     | Lost mutation: Your health recovers twice as slowly from
                  | being drained. [potion of mutation]
 15960 | D:14     | Lost mutation: You have a pair of small horns on your head.
                  | [potion of mutation]
 15960 | D:14     | Gained mutation: You are weak. (Str -2) [potion of
                  | mutation]
 15961 | D:14     | Lost mutation: You are weak. (Str -2) [potion of mutation]
 15961 | D:14     | Lost mutation: Your flesh is cold resistant. (rC+) [potion
                  | of mutation]
 15961 | D:14     | Gained mutation: You are partially covered in iridescent
                  | scales. (AC +2) [potion of mutation]
 15961 | D:14     | Gained mutation: You sometimes lose your temper in combat.
                  | [potion of mutation]
 15961 | D:14     | Gained mutation: Your muscles are strong. (Str +4, Int/Dex
                  | -1) [potion of mutation]
 15961 | D:14     | Gained mutation: You are agile. (Dex +4, Str/Int -1)
                  | [potion of mutation]
 16263 | D:15     | Identified the +1 chain mail "Fubuizadgh" {rF+ rC+ Will+
                  | Dex-4}
 17203 | D:15     | Reached XP level 15. HP: 106/106 MP: 15/15
 17238 | D:15     | Reached skill level 15 in Maces & Flails
 17265 | D:15     | Reached skill level 17 in Fighting
 17752 | D:15     | Found a staircase to the Depths.
 17835 | D:15     | Found a broken altar of Ashenzari.
 18023 | Lair:1   | Entered Level 1 of the Lair of Beasts
 18067 | Lair:1   | Noticed Jeremiah
 18127 | Lair:1   | Killed Jeremiah
 19646 | Lair:2   | Bought a faintly glowing chain mail for 361 gold pieces
 19646 | Lair:2   | Identified the +4 chain mail of the Ward {rF+++ Will- rCorr
                  | Dex+2} (You bought it in a shop on level 2 of the Lair of
                  | Beasts)
 19660 | Lair:2   | Bought a runed plate armour for 806 gold pieces
 19673 | Lair:2   | Found a staircase to the Swamp.
 20717 | Lair:3   | Reached skill level 18 in Fighting
 21005 | Lair:5   | Entered Level 5 of the Lair of Beasts
 21088 | Lair:5   | Found a staircase to the Slime Pits.
 21130 | Lair:5   | Reached XP level 16. HP: 93/114 MP: 16/16
 21309 | Lair:5   | Got an earthy gem with 574 turns to spare
 21379 | Lair:5   | Identified the +6 mace of Imbalance {heavy, *Corrode rC++
                  | SInv Stlth+}
 21811 | Lair:5   | Found a shimmering blue altar of Sif Muna.
 21977 | Lair:5   | Found a viscous altar of Jiyva.
 23078 | Lair:3   | Found a hole to the Spider Nest.
 23149 | Swamp:1  | Entered Level 1 of the Swamp
 23559 | Swamp:2  | Noticed ggggg's ghost (adept MiFi)
 23559 | Swamp:2  | Noticed Mlioglotl
 23559 | Swamp:2  | Found a runed translucent door.
 23711 | Swamp:1  | Reached skill level 19 in Fighting
 23952 | Swamp:2  | Slain by Mlioglotl

Illustrated notes

Levels and vault maps discovered:
D:1:      dpeg_arrival_stone_temple_mockup, layout_basic
D:2:      layout_loops_ring, serial_shops,
          nicolae_shop_competitors_out_of_business,
          minmay_fractal_squares_gapless_5
D:3:      wander_river, layout_rooms, hellmonk_ecumenical_altar_run_dry
D:4:      layout_loops_cross, minmay_cut_off
D:5:      layout_basic, serial_shops, shop, kennysheep_generic_room_10,
          uniq_grinder, uniq_sigmund
D:6:      layout_cave_pools, minmay_temple_entry_hall
D:7:      layout_loops_cross, okawaru_altar_gauntlet_db, uniq_joseph,
          uniq_duvessa, uniq_pikel, uniq_maggie
D:8:      layout_basic, trog_wizard, serial_shops, shop,
          biasface_ghost_orc_armoury, uniq_amaemon
D:9:      layout_cave_pools, minivault_19, grunt_ministairs_5, minmay_circle_x
D:10:     layout_rooms, worldfamousw_hep_ancestral_shrine,
          nicolae_trove_entry_path_of_doom
D:11:     hangedman_cross_cluster, layout_loops_ring, david_orc_5
D:12:     layout_basic, nzn_ghost_randoct, nicolae_ru_path_of_blood,
          uniq_erolcha
D:13:     layout_loops_ring, erik_vaults_1, portal_ice_cave_entry_ice_simulacra,
          serial_shops, bzr_in_the_mist, nrook_uturn, nicolae_good_shop,
          uniq_azrael, uniq_snorg
D:14:     layout_stronghold, ebering_dispersal_statue_hall, kennysheep_potato
D:15:     hellmonk_depths_entry_around_the_bend, layout_cave_pools, basic_altar,
          minmay_microvault
Temple:   compressed_dpeg_triangle_lava_temple
Lair:1:   layout_layer_cave, nicolae_lair_grazing_beasts
          [nicolae_sub_lair_graze_edge, nicolae_sub_lair_graze_edge,
          nicolae_sub_lair_graze_edge, nicolae_sub_lair_graze_edge],
          grunt_megastairs_3, infiniplex_staircase_pool, uniq_jeremiah
Lair:2:   layout_regular_city, skrybe_swamp_entry_bodies,
          hangedman_lair_unloving_vines, minivault_25,
          cheibrodos_lair_reptile_den
Lair:3:   layout_misc_corridors, spider_nest_entry_web_field,
          beast_lair_carwin_9
Lair:4:   layout_hall_layers
Lair:5:   minmay_lair_end_enchanted_forest, layout_gridlike,
          minmay_slime_entry_oklob_open, basic_altar, serial_bayou_pond_d,
          gammafunk_lair_bear_cave
Swamp:1:  nicolae_swamp_flooded_prison, layout_basic_swamp,
          evilmike_swamp_ruin_house_1
Swamp:2:  layout_falls_marsh, ebering_ghost_inner_flame,
          nicolae_swamp_big_swirl, uniq_mlioglotl, uniq_roxanne

Skill      XL: |  1  2  3  4  5  6  7  8  9 10 11 12 13 14 15 16 |
---------------+-------------------------------------------------+-----
Maces & Flails | 4 6 8 10 12 14 17 | 17.2
Fighting       | 3 4 6 8 9 11 12 14 15 16 18 19 | 19.1
Armour         | 2 3 5 7 10 13 | 13.4
Short Blades   | 2 4 |  4.5
Shields        | 5 9 |  9.1
Stealth        | 5 |  5.6
Evocations     | 5 |  5.1
Throwing       | |  1.7
Dodging        | |  2.4

Action                     |  1- 3 |  4- 6 |  7- 9 | 10-12 | 13-15 | 16-18 || total
---------------------------+-------+-------+-------+-------+-------+-------++-------
  Melee: Flail             |   112 |   153 |   360 |    85 |       |       ||   710
         Punch             |     3 |     8 |    22 |    20 |       |       ||    53
         Demon whip        |       |       |       |   717 |  1558 |   486 ||  2761
         Mace              |       |       |       |    33 |    12 |       ||    45
  Throw: Boomerang         |       |       |     1 |     2 |       |       ||     3
         Javelin           |       |       |     1 |       |       |       ||     1
         Throwing net      |       |       |       |     4 |     1 |       ||     5
 Invoke: Call Merchant     |       |       |       |       |     2 |       ||     2
  Evoke: Wand              |       |       |       |       |     3 |     2 ||     5
    Use: Scroll            |     2 |     5 |     1 |    10 |    13 |     2 ||    33
         Potion            |       |     1 |       |     3 |     9 |     2 ||    15
   Stab: Distracted        |       |       |     1 |     2 |     5 |     4 ||    12
         Held in net/web   |       |       |       |     4 |     2 |       ||     6
         Invisible         |       |       |       |       |       |     1 ||     1
 Armour: Leather armour    |    85 |   106 |   284 |       |       |       ||   475
         Steam dragon scal |       |       |    44 |   220 |       |       ||   264
         Plate armour      |       |       |       |   253 |   822 |   321 ||  1396
  Dodge: Dodged            |    96 |   103 |   312 |   223 |   228 |    77 ||  1039
  Block: Other             |       |       |       |    24 |       |       ||    24
         Kite shield       |       |       |       |   294 |   963 |   376 ||  1633
         Reflection        |       |       |       |       |    20 |    10 ||    30
Riposte: Demon whip        |       |       |       |    11 |   361 |   134 ||   506
         Mace              |       |       |       |       |     3 |       ||     3

Table legend: (Time is in decaauts)
 A = Elapsed time spent in this place.
 B = Non-inter-level travel time spent in this place.
 C = Inter-level travel time spent in this place.
 D = Time resting spent in this place.
 E = Time spent auto-exploring this place.
 F = Levels seen in this place.
 G = Mean time per level.
                   A        B        C        D        E       F      G
               +--------+--------+--------+--------+--------+-----+--------+
         Total |  23223 |  21895 |   1328 |   4077 |  12666 |  26 |  893.2 |
       Dungeon |  16469 |  15381 |   1088 |   3180 |   8872 |  15 | 1097.9 |
        Temple |     10 |      1 |      9 |      0 |      0 |   1 |   10.0 |
          Lair |   4955 |   4736 |    219 |    290 |   3435 |   5 |  991.0 |
         Swamp |    758 |    747 |     11 |    456 |     15 |   2 |  379.0 |
        Bazaar |    156 |    156 |      0 |      0 |     86 |   1 |  156.0 |
         Trove |     53 |     53 |      0 |      0 |      0 |   1 |   53.0 |
      Ice Cave |    820 |    820 |      0 |    150 |    258 |   1 |  820.0 |
               +--------+--------+--------+--------+--------+-----+--------+

Top non-repeatable levels by time:
    D:14: 2365 daAuts
    D:11: 1687 daAuts
  Lair:5: 1526 daAuts
  Lair:1: 1426 daAuts
    D:15: 1304 daAuts
     D:5: 1276 daAuts
    D:13: 1153 daAuts
     D:7: 1122 daAuts
    D:10: 1119 daAuts
  Lair:2: 1031 daAuts
    D:12: 974 daAuts
     D:2: 900 daAuts
     D:8: 873 daAuts
   IceCv: 820 daAuts
     D:6: 793 daAuts
